[Event "Team 45 45 League T45"]
[Site "Internet Chess Club"]
[Date "2010.05.22"]
[Round "3"]
[White "werty"]
[Black "Oscar"]
[Result "1/2-1/2"]
[WhiteElo "1515"]
[BlackElo "1414"]
[Opening "Queen's pawn game"]
[ECO "D04"]
[Time "14:02:30"]
[TimeControl "2700+45"]

1. d4 d5 2. Nf3 Nf6 3. e3 g6 4. Bd3 Bg7 5. c3 O-O 6. O-O Nbd7 7. Nbd2 c5 8. Re1
Re8 9. e4 e5 10. dxe5 Nxe5 11. Nxe5 Rxe5 12. exd5 Nxd5 13. Rxe5 Bxe5 14. Nf3 Bf6
15. Be4 Be6 16. Qe2 Qc7 17. c4 Nb6 18. Bd3 Re8 19. Bg5 Bd7 20. Qc2 Ba4 21. Qd2
Bg7 22. Re1 Rxe1+ 23. Nxe1 Bc6 24. b3 Nd7 25. Bf4 Qd8 26. Be2 Qe8 27. Bf3 Bxf3
28. Nxf3 Nf6 29. g3 b6 30. Kf1 Nd7 31. Qe2 Qxe2+ 32. Kxe2 Kf8 33. Kd3 f5 34. Ng5
h6 35. Ne6+ Kf7 36. Nxg7 Kxg7 37. a3 h5 38. b4 Kf6 39. Be3 Ke6 40. bxc5 bxc5
{Game drawn by mutual agreement} 1/2-1/2

[Event "Team 45 45 League T45"]
[Site "Internet Chess Club"]
[Date "2010.05.22"]
[Round "3"]
[White "parrot9"]
[Black "Ivio"]
[Result "0-1"]
[WhiteElo "1647"]
[BlackElo "1850"]
[Opening "French: Alapin variation"]
[ECO "C01"]
[Time "17:10:53"]
[TimeControl "2700+45"]

1. e4 e6 2. d4 d5 3. Be3 dxe4 4. Nd2 Nf6 5. g4 Nc6 6. g5 Nd5 7. Nxe4 Nxe3 8.
fxe3 h6 9. Qh5 b6 10. g6 f6 11. O-O-O f5 12. Nc3 Bd6 13. Bg2 Bb7 14. Qe2 Qd7 15.
e4 Nxd4 16. Rxd4 Bf4+ 17. Rd2 O-O-O 18. Nf3 Bxd2+ 19. Nxd2 f4 20. Nf3 Rhf8 21.
Ne5 Qd4 22. Nf7 Rd7 23. Rd1 Qf6 24. Rxd7 Kxd7 25. Qg4 Kc8 26. e5 Qf5 27. Bxb7+
Kxb7 28. Qxf5 exf5 29. Nd5 f3 30. Kd2 Re8 31. Ke3 Kc6 32. Nf4 Kc5 33. Kxf3 a5
34. Nh5 Re6 35. Nxg7 Rxg6 36. Nxf5 h5 37. Ne3 Kc6 38. Kf4 Kd7 39. Kf5 Rg1 40.
e6+ Ke8 41. Nd5 Rf1+ 42. Kg5 Rf2 43. Nxc7+ Ke7 44. h4 Rxc2 45. Kxh5 Rxc7 46. Ng5
Kf6 47. Kh6 Rc2 48. Kh7 Rxb2 49. Kg8 Rc2 50. Nf3 Rc8+ 51. Kh7 Kxe6 52. Kg6 Rg8+
53. Kh5 Kd5 54. Ng5 b5 55. Kh6 a4 56. Kh7 Re8 57. h5 b4 58. h6 b3 59. axb3 axb3
60. Kg7 b2 61. h7 b1=Q 62. Nf7 Qg1+ {White resigns} 0-1

[Event "Team 45 45 League T45"]
[Site "Internet Chess Club"]
[Date "2010.05.24"]
[Round "3"]
[White "Monsieur"]
[Black "Invicta-Knight"]
[Result "0-1"]
[WhiteElo "1542"]
[BlackElo "1509"]
[Opening "Scandinavian gambit"]
[ECO "B01"]
[Time "17:24:45"]
[TimeControl "2700+45"]

1. e4 d5 2. exd5 Nf6 3. c4 c6 4. dxc6 Nxc6 5. Nf3 e5 6. d3 e4 7. Ng5 Bf5 8. Nc3
exd3 9. g3 Bb4 10. Bg2 Qe7+ 11. Be3 Ng4 12. O-O Nxe3 13. fxe3 Qxg5 14. Kh1 O-O
15. e4 Bg4 16. Qxd3 Rad8 17. Nd5 Qd2 18. Qxd2 Bxd2 19. h3 Be6 20. Rad1 Bh6 21.
a3 Na5 22. c5 Nc4 23. Ne7+ Kh8 24. Rxd8 Rxd8 25. Nd5 Nxb2 26. Rb1 Nc4 27. Rxb7
a5 28. c6 Bxd5 29. exd5 Nd6 30. Ra7 Bd2 31. a4 Kg8 32. Rd7 Rxd7 33. cxd7 Nb7 34.
d6 Nd8 35. Bd5 g6 36. Kg2 Kg7 37. Kf3 Kf6 38. Ke4 h5 39. Bc4 g5 40. Kd5 Bb4 41.
Bd3 g4 42. h4 Be1 43. Kc5 Bxg3 {White resigns} 0-1

[Event "Team 45 45 League T45"]
[Site "Internet Chess Club"]
[Date "2010.05.23"]
[Round "3"]
[White "dscvdchk"]
[Black "Berke"]
[Result "0-1"]
[WhiteElo "1506"]
[BlackElo "1570"]
[Opening "Benkö gambit accepted"]
[ECO "A58"]
[Time "08:00:41"]
[TimeControl "2700+45"]

1. d4 Nf6 2. c4 c5 3. d5 b5 4. cxb5 a6 5. bxa6 Bxa6 6. Nc3 g6 7. Nf3 Bg7 8. g3
d6 9. Bg2 O-O 10. O-O Qb6 11. Rb1 Nfd7 12. Na4 Qb5 13. Re1 Bb7 14. b3 Ne5 15.
Nxe5 Bxe5 16. Bb2 Bxb2 17. Rxb2 Rxa4 18. Qc2 Ra3 19. e4 Nd7 20. Bf1 Qa5 21. Rd1
Ra8 22. Rd2 Ne5 23. Be2 Ba6 24. Bd1 Qb5 25. Be2 Qb4 26. Bd1 Qa5 27. f4 Nd3
{White resigns} 0-1

[Event "Team 45 45 League T45"]
[Site "Internet Chess Club"]
[Date "2010.05.21"]
[Round "3"]
[White "milesotoole"]
[Black "houseofcook"]
[Result "0-1"]
[WhiteElo "1427"]
[BlackElo "1531"]
[Opening "French: Burn variation"]
[ECO "C11"]
[Time "13:02:37"]
[TimeControl "2700+45"]

1. e4 e6 2. d4 d5 3. Nc3 Nf6 4. Bg5 dxe4 5. Nxe4 Be7 6. Bxf6 gxf6 7. Nf3 b6 8.
Bc4 Bb7 9. Qe2 c6 10. O-O-O Qc7 11. Rhe1 Nd7 12. Kb1 O-O-O 13. Ba6 Rhg8 14.
Bxb7+ Kxb7 15. g3 f5 16. Nc3 Bb4 17. Qc4 Be7 18. Nd2 Nf6 19. h3 Nd5 20. Nxd5
Rxd5 21. c3 b5 22. Qe2 Qa5 23. Qh5 Rg7 24. Nb3 Qd8 25. Nc5+ Kb6 26. Nb3 Qg8 27.
Qf3 Bd6 28. Nc1 Rg5 29. Nd3 h5 30. Rg1 Qh7 31. Nf4 Bxf4 32. Qxf4 Rd8 33. Rd3 Qg6
34. Qe3 f4 35. Qxf4 Qxd3+ 36. Kc1 Qf5 37. Qe3 Ka6 38. f4 Rgg8 39. Re1 Qxh3 40.
Re2 Rxg3 41. Qe5 Rgg8 42. Qc5 Qf1+ 43. Kd2 Qxf4+ 44. Kd1 Rg1+ 45. Kc2 Qf5+ 46.
Kb3 Qxc5 47. dxc5 Rgd1 48. Rh2 R1d5 49. Rf2 Rf5 50. Re2 Rxc5 51. Rf2 Rf5 52. Rh2
Rdd5 53. Kc2 c5 54. Kb3 Kb6 55. Kc2 a5 56. Kb3 c4+ 57. Kc2 Rf4 58. Rg2 Rg4 59.
Rf2 f5 60. Re2 e5 61. Rf2 f4 62. Rh2 h4 63. Re2 f3 64. Rf2 Rg2 65. Rxg2 {White
resigns} 0-1

[Event "Team 45 45 League T45"]
[Site "Internet Chess Club"]
[Date "2010.05.23"]
[Round "3"]
[White "Karpyan"]
[Black "koni"]
[Result "1/2-1/2"]
[WhiteElo "1823"]
[BlackElo "1911"]
[Opening "Pirc defense"]
[ECO "B07"]
[Time "15:02:10"]
[TimeControl "2700+45"]

1. d4 d6 2. e4 Nf6 3. Nc3 e5 4. dxe5 dxe5 5. Qxd8+ Kxd8 6. Bc4 Be6 7. Bxe6 fxe6
8. f3 Nbd7 9. Be3 Bb4 10. Nh3 Ke7 11. Nf2 Bxc3+ 12. bxc3 b6 13. Nd3 a5 14. Ke2
Ne8 15. c4 Nd6 16. c5 Nc4 17. Bg5+ Ke8 18. cxb6 cxb6 19. Rab1 Rc8 20. Rhc1 Rc6
21. Bh4 Kf7 22. Bg3 Rhc8 23. Rb3 Kf6 24. Bf2 Nd6 25. Kd1 Nb7 26. Rb5 Nd6 27. Rb3
Nb7 28. Rb5 Nd6 29. Rb3 Nb7 30. Rb5 {Game drawn by repetition} 1/2-1/2

[Event "Team 45 45 League T45"]
[Site "Internet Chess Club"]
[Date "2010.05.20"]
[Round "3"]
[White "IceBox"]
[Black "SneakyRed"]
[Result "1-0"]
[WhiteElo "1690"]
[BlackElo "1782"]
[Opening "Caro-Kann: Panov-Botvinnik attack"]
[ECO "B13"]
[Time "14:00:43"]
[TimeControl "2700+45"]

1. e4 c6 2. d4 d5 3. exd5 cxd5 4. c4 e6 5. Nf3 Nf6 6. Nc3 Bb4 7. Bg5 Qa5 8. Bd2
Ne4 9. Nxe4 dxe4 10. Bxb4 Qxb4+ 11. Qd2 Nc6 12. a3 Qxd2+ 13. Nxd2 Nxd4 14. O-O-O
e5 15. Nxe4 Nb3+ 16. Kc2 Bf5 17. Bd3 Nd4+ 18. Kc3 O-O-O 19. Ng5 Bxd3 20. Rxd3
Rd7 21. Rhd1 Rhd8 22. g3 f6 23. Ne4 b6 24. b4 h6 25. Kb2 Rc7 26. c5 Kb8 27. f4
bxc5 28. Nxc5 Rd6 29. fxe5 fxe5 30. Rf1 a5 31. Rdd1 Ka7 32. Rde1 Rb6 33. Kc3
axb4+ 34. axb4 Nc6 35. Ra1+ Kb8 36. Rf8+ Rc8 37. Nd7+ Kc7 38. Rxc8+ Kxd7 39. Rg8
g5 40. Rg6 Rb8 41. Rd1+ Kc7 42. Rg7+ Kb6 43. Rd6 Kb5 44. Rd5+ Kb6 45. Kc4 Nd4
46. Rxe5 Rd8 47. Rd5 Rxd5 48. Kxd5 Nf3 49. h3 h5 50. Ke4 Nd2+ 51. Kd3 Nf3 52.
Ke3 g4 53. hxg4 hxg4 54. Rxg4 Ne5 55. Re4 Nd7 56. g4 Nf6 57. Re6+ Kb5 58. Rxf6
Kxb4 {Black resigns} 1-0

[Event "Team 45 45 League T45"]
[Site "Internet Chess Club"]
[Date "2010.05.29"]
[Round "3"]
[White "calily"]
[Black "bondguy01"]
[Result "0-1"]
[WhiteElo "1661"]
[BlackElo "1725"]
[Opening "French: exchange variation"]
[ECO "C01"]
[Time "10:06:44"]
[TimeControl "2700+45"]

1. e4 e6 2. d4 d5 3. exd5 exd5 4. Nf3 Bd6 5. Bd3 Ne7 6. h3 Nbc6 7. Bg5 f6 8. Be3
Bf5 9. Nh4 Bxd3 10. Qxd3 Qd7 11. c3 O-O-O 12. Nd2 g5 13. Nhf3 Rde8 14. O-O-O Nf5
15. g4 Nxe3 16. fxe3 h6 17. Rde1 Qh7 18. Qb5 Qf7 19. Kb1 f5 20. gxf5 Qxf5+ 21.
e4 Qg6 22. Qxd5 Rhf8 23. Kc1 Rd8 24. Qb3 Bf4 25. e5 Ne7 26. e6 Qd3 27. Qc2 Qxf3
28. Ref1 Qc6 29. Re1 Rf6 30. Qb3 Rd6 31. Kd1 Rfxe6 32. Rxe6 Rxe6 33. Rf1 Nf5 34.
Nc4 Ne3+ 35. Nxe3 Rxe3 36. Qg8+ Re8 37. Qh7 Qg2 38. Qf5+ Kb8 39. Re1 Qd2# {White
checkmated} 0-1

[Event "Team 45 45 League T45"]
[Site "Internet Chess Club"]
[Date "2010.05.26"]
[Round "3"]
[White "Atlantis"]
[Black "SlimeDog2"]
[Result "0-1"]
[WhiteElo "1818"]
[BlackElo "2187"]
[Opening "Grünfeld: exchange, Spassky variation"]
[ECO "D87"]
[Time "19:37:01"]
[TimeControl "2700+45"]

1. d4 Nf6 2. c4 g6 3. Nc3 d5 4. cxd5 Nxd5 5. e4 Nxc3 6. bxc3 Bg7 7. Bc4 c5 8.
Ne2 O-O 9. O-O Nc6 10. Be3 b6 11. dxc5 Na5 12. Qxd8 Rxd8 13. Bd5 Ba6 14. Rfe1
Rab8 15. cxb6 axb6 16. Bd4 e6 17. Bxg7 Kxg7 18. Bb3 Rd2 19. Nd4 Rc8 20. Rac1 Rd3
21. Ne2 Rd2 22. Nd4 Rb2 23. h3 Bc4 24. Bxc4 Rxc4 25. Re2 Rxe2 26. Nxe2 Rxe4 27.
Nd4 e5 28. f3 Re3 29. Nb5 Re2 30. a3 Nc4 31. Ra1 Ne3 32. g4 Rg2+ 33. Kh1 Rg3 34.
Kh2 Rxf3 35. Nd6 Nd5 36. c4 Nf4 37. Nc8 Rxh3+ 38. Kg1 Rb3 39. a4 e4 40. c5 bxc5
41. a5 c4 42. a6 c3 43. a7 c2 44. a8=Q Rb1+ 45. Kf2 c1=Q 46. Rxb1 Qxb1 47. Qc6
Qd3 48. Qd6 Qf3+ {White resigns} 0-1

[Event "Team 45 45 League T45"]
[Site "Internet Chess Club"]
[Date "2010.05.24"]
[Round "3"]
[White "AncientTurnip"]
[Black "MidasMulligan"]
[Result "1-0"]
[WhiteElo "1731"]
[BlackElo "1666"]
[Opening "French: Tarrasch"]
[ECO "C03"]
[Time "20:00:11"]
[TimeControl "2700+45"]

1. d4 e6 2. e4 d5 3. Nd2 Be7 4. Bd3 c5 5. dxc5 Nf6 6. Qe2 Nc6 7. Ngf3 Nb4 8. Nb3
Nxd3+ 9. cxd3 O-O 10. O-O a5 11. a4 dxe4 12. dxe4 Qc7 13. Bd2 Bxc5 14. Nxc5 Qxc5
15. Rfc1 Qh5 16. Qe3 h6 17. Rc5 Qg6 18. Re1 Ng4 19. Qd4 e5 20. Nxe5 Nxe5 21.
Qxe5 Bh3 22. Qg3 Qxg3 23. hxg3 Bd7 24. Bxa5 Bxa4 25. Bc3 Bc6 26. f3 Rfd8 27. Kf2
Rd6 28. g4 Rad8 29. Rf5 Rd1 30. Rxd1 Rxd1 31. g5 hxg5 32. Rxg5 g6 33. Ra5 Rd8
34. Ke3 Kf8 35. Bf6 Rb8 36. Kd4 Ke8 37. Re5+ Kf8 38. Rc5 Ke8 39. b4 Rc8 40. Re5+
Kf8 41. Ra5 Ke8 42. Ke5 Kf8 43. g3 Ke8 44. Kd4 Kf8 45. Ke3 Ke8 46. g4 Kf8 47. g5
Ke8 48. Re5+ Kf8 49. Be7+ Kg7 50. Ra5 Kg8 51. Kf4 Kg7 52. Ra1 Kg8 53. Rh1 Bd7
54. Bf6 Kf8 55. Rh8# {Black checkmated} 1-0

[Event "Team 45 45 League T45"]
[Site "Internet Chess Club"]
[Date "2010.05.24"]
[Round "3"]
[White "BraafPaard"]
[Black "MtzKid"]
[Result "0-1"]
[WhiteElo "1588"]
[BlackElo "1610"]
[Opening "Dutch defense"]
[ECO "A40"]
[Time "19:00:39"]
[TimeControl "2700+45"]

1. d4 e6 2. c4 f5 3. g4 d5 4. e3 Nf6 5. gxf5 exf5 6. Nc3 Bb4 7. Qa4+ Nc6 8. Bg2
Ne4 9. Ne2 Qh4 10. Bxe4 Qxe4 11. Rg1 O-O 12. cxd5 Qxd5 13. a3 Bxc3+ 14. Nxc3 Qf7
15. Ne2 Be6 16. b4 a5 17. Qb5 axb4 18. Qxb7 Bd5 19. Qb5 Rfb8 20. Qc5 Ra5 21. Qc2
b3 22. Qc3 Ra4 23. Qd2 Nb4 24. Kf1 Nc2 25. Rb1 Nxa3 26. Bxa3 Rxa3 27. Nc3 b2 28.
Nxd5 Qxd5 29. Rxb2 Ra1+ 30. Ke2 Rxb2 31. Qxb2 Rxg1 32. Qb8+ Kf7 33. Qxc7+ Kg6
{White resigns} 0-1

[Event "Team 45 45 League T45"]
[Site "Internet Chess Club"]
[Date "2010.05.25"]
[Round "3"]
[White "tightfist"]
[Black "quaksterjohny"]
[Result "1-0"]
[WhiteElo "1560"]
[BlackElo "1366"]
[Opening "Polish (Sokolsky) opening"]
[ECO "A00"]
[Time "17:03:29"]
[TimeControl "2700+45"]

1. b4 d5 2. Bb2 Qd6 3. a3 e5 4. e3 f6 5. Nf3 Be6 6. d3 Nd7 7. Be2 a5 8. c3 f5 9.
Ng5 Bf7 10. Nxf7 Kxf7 11. Qb3 a4 12. Qc2 b5 13. Nd2 Ngf6 14. O-O g6 15. Rfd1 Qb6
16. c4 c6 17. Rac1 Bg7 18. cxb5 cxb5 19. Qc7 Rhc8 20. Qxb6 Nxb6 21. Bxe5 Re8 22.
Rc7+ Kg8 23. d4 Nc4 24. Nxc4 bxc4 25. f3 Rec8 26. Rc5 Re8 27. Bxf6 Bxf6 28. Kf2
Rad8 29. Ra5 Rd6 30. Rxa4 Rde6 31. e4 fxe4 32. fxe4 Rxe4 33. Bf3 Rxd4 34. Bxd5+
Kh8 35. Rxd4 Bxd4+ 36. Kf1 c3 37. Bb3 Rf8+ 38. Ke2 Rf2+ 39. Kd3 Bg7 40. Ra8+ Bf8
41. Kxc3 Kg7 42. Bd5 Rf5 43. Ra7+ Kh6 44. Bf3 Bg7+ 45. Kc4 Rf4+ 46. Kb5 Bd4 47.
Ra8 Rf5+ 48. Kc6 Rf6+ 49. Kd7 Rf7+ 50. Ke6 Rf6+ 51. Kd5 Bb2 52. a4 Rb6 53. b5
Ba3 54. Ra6 Rb8 55. Kc6 Bc1 56. b6 Bf4 57. b7 Rf8 58. h3 Kg7 59. Ra8 Rf6+ 60.
Kd5 Rd6+ 61. Ke4 {Black resigns} 1-0

[Event "Team 45 45 League T45"]
[Site "Internet Chess Club"]
[Date "2010.05.22"]
[Round "3"]
[White "chessateer"]
[Black "tsia68"]
[Result "0-1"]
[WhiteElo "1845"]
[BlackElo "1862"]
[Opening "Pirc: 150 attack"]
[ECO "B07"]
[Time "04:00:31"]
[TimeControl "2700+45"]

1. e4 d6 2. d4 Nf6 3. Nc3 g6 4. Be3 c6 5. Qd2 b5 6. Bd3 Nbd7 7. Nf3 Qc7 8. O-O
Bg7 9. Bh6 O-O 10. Bxg7 Kxg7 11. Ne2 e5 12. c3 d5 13. exd5 e4 14. Ng5 exd3 15.
Qxd3 cxd5 16. Ng3 h6 17. Nf3 Re8 18. Rae1 Qc4 19. Qc2 Bb7 20. h4 Ne4 21. Ne2 Qc7
22. Nh2 Ndf6 23. g3 Bc8 24. Kg2 Bf5 25. Qc1 Qd7 26. Ng1 Qd6 27. Ne2 Qd7 28. Ng1
Rac8 29. f3 Nd6 30. Re5 Nc4 31. Rfe1 Nxe5 32. dxe5 Ng8 33. g4 Be6 34. Qd2 Ne7
35. Qf4 Rc4 36. Qf6+ Kh7 37. h5 g5 38. Nh3 Ng8 39. Nxg5+ hxg5 40. Qxg5 Qe7 41.
Qd2 Nh6 42. b3 Rc7 43. Qd3+ Kh8 44. Qd2 Qf8 45. Nf1 Qg7 46. Ng3 Rg8 47. Kf2 Qg5
48. Qd4 Nxg4+ 49. fxg4 Qxg4 50. Qe3 Qxg3+ {White resigns} 0-1

[Event "Team 45 45 League T45"]
[Site "Internet Chess Club"]
[Date "2010.05.22"]
[Round "3"]
[White "VietLion"]
[Black "ddlj81"]
[Result "0-1"]
[WhiteElo "1847"]
[BlackElo "1801"]
[Opening "Scotch gambit: Dubois-Réti defense"]
[ECO "C55"]
[Time "10:00:23"]
[TimeControl "2700+45"]

1. e4 e5 2. Nf3 Nc6 3. d4 exd4 4. Bc4 Nf6 5. e5 d5 6. Bb5 Ne4 7. Nxd4 Bd7 8.
Bxc6 bxc6 9. O-O Bc5 10. f3 Ng5 11. f4 Ne4 12. Nc3 Nxc3 13. bxc3 O-O 14. f5 Re8
15. f6 Rxe5 16. fxg7 Qh4 17. Kh1 Bxd4 18. cxd4 Bg4 19. Qd2 Rh5 20. Qf4 Rf5 21.
Qxf5 Bxf5 22. Bf4 Be4 23. Bg3 Qh5 24. Rf2 f5 25. Be5 Rb8 26. h3 Qxh3+ 27. Kg1
Qc3 28. Raf1 Rb2 29. g4 Qh3 {White resigns} 0-1

[Event "Team 45 45 League T45"]
[Site "Internet Chess Club"]
[Date "2010.05.23"]
[Round "3"]
[White "BartL"]
[Black "Kurukshetra"]
[Result "1-0"]
[WhiteElo "1842"]
[BlackElo "1689"]
[Opening "Nimzo-Indian: Kmoch variation"]
[ECO "E20"]
[Time "05:03:42"]
[TimeControl "2700+45"]

1. d4 Nf6 2. c4 e6 3. Nc3 Bb4 4. f3 d5 5. Bg5 h6 6. Bh4 c5 7. a3 Bxc3+ 8. bxc3
Qa5 9. Qd2 cxd4 10. cxd4 Qxd2+ 11. Kxd2 g5 12. Bg3 Nc6 13. e3 Na5 14. Kc3 dxc4
15. Bxc4 Nxc4 16. Kxc4 Bd7 17. Rb1 Rc8+ 18. Kd3 b6 19. Ne2 Ke7 20. Rhc1 Rxc1 21.
Rxc1 Rc8 22. Rxc8 Bxc8 23. Bb8 a6 24. e4 Nd7 25. Bc7 Bb7 26. Nc3 b5 27. g4 f6
28. Ne2 e5 29. Ng3 Kf7 30. Nf5 Kg6 31. Kc3 h5 32. h3 exd4+ 33. Kxd4 Nf8 34. Kc5
Nd7+ 35. Kb4 Ne5 36. Bxe5 fxe5 37. Kc5 hxg4 38. hxg4 Kf6 39. Nd6 Ba8 40. Kb6 Ke6
41. Ne8 Kd7 42. Nf6+ Ke6 43. Nh7 Bb7 44. Kxb7 a5 45. Nxg5+ Kf6 46. Nh3 b4 47.
axb4 a4 48. b5 a3 49. b6 a2 50. Kc7 a1=Q 51. b7 Ke7 52. b8=Q Qc3+ 53. Kb7 Qb4+
54. Kc8 Qe1 55. Qxe5+ Kf8 56. Kd7 Qh4 57. Ng5 {Black resigns} 1-0

[Event "Team 45 45 League T45"]
[Site "Internet Chess Club"]
[Date "2010.05.23"]
[Round "3"]
[White "Konstantinos"]
[Black "Theodulf"]
[Result "0-1"]
[WhiteElo "1673"]
[BlackElo "1612"]
[Opening "Queen's gambit accepted"]
[ECO "D20"]
[Time "09:01:38"]
[TimeControl "2700+45"]

1. d4 d5 2. c4 dxc4 3. e3 e5 4. Bxc4 exd4 5. Nf3 Nc6 6. Nxd4 Nxd4 7. exd4 Bb4+
8. Nc3 Nf6 9. Qa4+ c6 10. Qxb4 a5 11. Qb3 O-O 12. O-O Qxd4 13. Be3 Qe5 14. h3 b5
15. Be2 Be6 16. Qc2 Rfd8 17. Rfd1 b4 18. Nb1 Nd5 19. Bc1 Bf5 20. Qc4 Nb6 21.
Rxd8+ Rxd8 22. Qh4 Re8 23. Be3 Qxb2 24. Bd4 Qxe2 25. Qg3 Bg6 26. Nd2 Nd5 27. Nf3
Qd3 28. Kh2 Qf5 29. Rc1 Qf4 30. Rxc6 Qxg3+ 31. Kxg3 a4 32. Ra6 Bc2 33. Nd2 f6
34. Ra5 Rd8 35. Kf3 Kf7 36. Ra7+ Kg6 37. Rb7 Nc3 38. Bxc3 bxc3 39. Ne4 Rc8 40.
Nd6 Bd1+ {White resigns} 0-1

[Event "Team 45 45 League T45"]
[Site "Internet Chess Club"]
[Date "2010.05.23"]
[Round "3"]
[White "Wheels"]
[Black "RamRock"]
[Result "1-0"]
[WhiteElo "1927"]
[BlackElo "1799"]
[Opening "Sicilian: closed"]
[ECO "B23"]
[Time "20:03:11"]
[TimeControl "2700+45"]

1. e4 c5 2. Nc3 d6 3. f4 g6 4. Nf3 Bg7 5. Bc4 Nc6 6. O-O e6 7. d3 Nge7 8. Qe1
O-O 9. Bd2 Na5 10. Bb3 b6 11. Ba4 a6 12. e5 Nac6 13. exd6 Qxd6 14. Ne4 Qc7 15.
Bc3 Nd4 16. Nxd4 cxd4 17. Bb4 b5 18. Bb3 a5 19. Bd6 Qd7 20. a4 b4 21. g4 Bb7 22.
Be5 Bxe4 23. Bxg7 Kxg7 24. Qxe4 Rad8 25. Qe5+ Kg8 26. Qxa5 Nd5 27. Bxd5 exd5 28.
f5 gxf5 29. Rxf5 Kh8 30. Qxb4 Rg8 31. Qxd4+ Rg7 32. Raf1 Kg8 33. h3 Qe6 34. b4
Qh6 35. Kg2 Qh4 36. Qf6 Rxg4+ 37. hxg4 Qxg4+ 38. Kf2 {Black resigns} 1-0

[Event "Team 45 45 League T45"]
[Site "Internet Chess Club"]
[Date "2010.05.23"]
[Round "3"]
[White "kidviper"]
[Black "Philly-Boy"]
[Result "1/2-1/2"]
[WhiteElo "1919"]
[BlackElo "1884"]
[Opening "QGD semi-Slav: 5.e3"]
[ECO "D45"]
[Time "13:00:55"]
[TimeControl "2700+45"]

1. d4 d5 2. c4 c6 3. Nc3 Nf6 4. e3 e6 5. Nf3 Be7 6. Bd2 O-O 7. Bd3 Nbd7 8. O-O
dxc4 9. Bxc4 b5 10. Bd3 Bb7 11. Rc1 a6 12. Ne4 Rc8 13. Bb1 Nxe4 14. Bxe4 Nf6 15.
Qc2 Nxe4 16. Qxe4 Qb6 {Game drawn by mutual agreement} 1/2-1/2

[Event "Team 45 45 League T45"]
[Site "Internet Chess Club"]
[Date "2010.05.26"]
[Round "3"]
[White "Eyechess"]
[Black "kidcobra"]
[Result "1-0"]
[WhiteElo "1706"]
[BlackElo "1539"]
[Opening "English: symmetrical variation"]
[ECO "A30"]
[Time "16:01:34"]
[TimeControl "2700+45"]

1. c4 c5 2. g3 Nc6 3. Bg2 e6 4. Nc3 Nf6 5. Nf3 Be7 6. O-O O-O 7. d3 d5 8. cxd5
exd5 9. e3 Bg4 10. Qb3 Qd7 11. Ng5 h6 12. Nf3 Na5 13. Qb5 Qxb5 14. Nxb5 a6 15.
Nc3 Bxf3 16. Bxf3 d4 17. exd4 cxd4 18. Ne2 Rfd8 19. Bf4 Bd6 20. Rac1 Bxf4 21.
Nxf4 Rac8 22. Rfe1 Re8 23. Rxe8+ Rxe8 24. b4 Nc6 25. Bxc6 Rc8 26. Ne2 bxc6 27.
Nxd4 Rd8 28. Nxc6 Rxd3 29. a4 Rd7 30. b5 axb5 31. axb5 Nd5 32. Rd1 Nb6 33. Rxd7
Nxd7 34. f4 f6 35. Kf2 Kf7 36. f5 Nb6 37. Ke3 Ke8 38. Kd4 Kd7 39. Kc5 Na4+ 40.
Kb4 Nb6 41. Ka5 Nd5 42. Nd4 Ne7 43. g4 g6 44. fxg6 Nxg6 45. b6 Kc8 46. Ka6 Kb8
47. Nc6+ Kc8 48. b7+ Kc7 49. b8=Q+ Kxc6 50. Qe8+ Kd6 51. Qxg6 Ke6 52. Qxh6 Kf7
53. h4 Kg8 54. Qg6+ Kh8 55. Qxf6+ Kh7 56. Qg5 Kh8 57. h5 Kh7 58. h6 Kh8 59. Qg7#
{Black checkmated} 1-0

[Event "Team 45 45 League T45"]
[Site "Internet Chess Club"]
[Date "2010.05.25"]
[Round "3"]
[White "OGO"]
[Black "Grenadier"]
[Result "0-1"]
[WhiteElo "1622"]
[BlackElo "1686"]
[Opening "Pirc: classical (two knights) system"]
[ECO "B08"]
[Time "17:00:26"]
[TimeControl "2700+45"]

1. e4 d6 2. d4 Nf6 3. Nc3 g6 4. Nf3 Bg7 5. Bc4 O-O 6. O-O Bg4 7. h3 Bxf3 8. Qxf3
Nbd7 9. Be3 e5 10. Rad1 a6 11. a4 Qe8 12. Qe2 exd4 13. Bxd4 Ne5 14. f4 Nxc4 15.
Qxc4 c6 16. Qd3 Rd8 17. Qf3 c5 18. Be3 b5 19. b3 b4 20. Nd5 Nxe4 21. Nc7 Qe7 22.
Nd5 Qe8 23. Rfe1 f5 24. Bf2 Qf7 25. Nb6 Rfe8 26. Nc4 Nxf2 27. Kxf2 Rxe1 28. Kxe1
h5 29. Rxd6 Rxd6 30. Nxd6 Qe6+ 31. Qe2 Qxd6 32. Qc4+ Kf8 33. Kf2 Qd4+ {White
resigns} 0-1

[Event "Team 45 45 League T45"]
[Site "Internet Chess Club"]
[Date "2010.05.23"]
[Round "3"]
[White "Positron"]
[Black "DTK"]
[Result "1/2-1/2"]
[WhiteElo "2171"]
[BlackElo "2171"]
[Opening "French: Steinitz, Boleslavsky variation"]
[ECO "C11"]
[Time "17:01:38"]
[TimeControl "2700+45"]

1. e4 e6 2. d4 d5 3. Nc3 Nf6 4. e5 Nfd7 5. f4 c5 6. Nf3 Nc6 7. Be3 cxd4 8. Nxd4
Bc5 9. Qd2 O-O 10. g3 a6 11. Nce2 Nxd4 12. Bxd4 b6 13. b4 Bxd4 14. Nxd4 a5 15.
b5 Nc5 16. Nc6 Qc7 17. c4 Bb7 18. cxd5 exd5 19. Bg2 {Game drawn by mutual
agreement} 1/2-1/2

[Event "Team 45 45 League T45"]
[Site "Internet Chess Club"]
[Date "2010.05.25"]
[Round "3"]
[White "bobhill"]
[Black "Chatica"]
[Result "0-1"]
[WhiteElo "1968"]
[BlackElo "2025"]
[Opening "Old Indian: Tartakower (Wade) variation"]
[ECO "A41"]
[Time "23:01:06"]
[TimeControl "2700+45"]

1. d4 d6 2. Nf3 Bg4 3. c3 Nd7 4. Qb3 Qc8 5. Bg5 e5 6. Nbd2 h6 7. Bh4 Be6 8. d5
Nc5 9. Qc4 Bxd5 10. Qxd5 c6 11. Qc4 d5 12. Qb4 Nd3+ 13. exd3 Bxb4 14. cxb4 f5
15. Be2 g5 16. Nxe5 Nf6 17. Bg3 f4 18. h4 fxg3 19. hxg5 gxf2+ 20. Kf1 Qf5 21.
gxf6 Qxe5 22. Bh5+ Kd7 23. Bg4+ Kc7 24. Rd1 Rae8 25. Bh5 Qe1+ {White resigns}
0-1

[Event "Team 45 45 League T45"]
[Site "Internet Chess Club"]
[Date "2010.05.23"]
[Round "3"]
[White "Matusalen"]
[Black "bgolev"]
[Result "1/2-1/2"]
[WhiteElo "2016"]
[BlackElo "1837"]
[Opening "Réti opening"]
[ECO "A05"]
[Time "14:00:21"]
[TimeControl "2700+45"]

1. Nf3 Nf6 2. g3 d5 3. Bg2 c5 4. O-O Nc6 5. d4 e6 6. c4 dxc4 7. Ne5 Nxe5 8. dxe5
Qxd1 9. Rxd1 Nd7 10. Bf4 Rb8 11. a4 h6 12. Bd2 g5 13. Na3 Nxe5 14. Bc3 f6 15.
Bxe5 fxe5 16. Nxc4 Bg7 17. a5 Ke7 18. Ra3 Rd8 19. Rxd8 Kxd8 20. h4 Ke7 21. hxg5
hxg5 22. Be4 Bd7 23. Rb3 b5 24. axb6 axb6 25. Rxb6 Rxb6 26. Nxb6 Bb5 27. Kf1 Kd8
28. b3 Kc7 29. Nc4 Bxc4 30. bxc4 Kb6 31. Ke1 Ka5 32. Kd2 Kb4 33. Kd3 Bf6 34. Bc6
Ka5 35. Bd7 Kb6 36. Ke4 Kc7 37. Bxe6 Kd6 38. Bd5 Bd8 39. Kf5 Be7 40. Kg6 Bd8 41.
Kf7 Ba5 42. Kf6 Bd8+ 43. Kg6 Be7 44. f3 Bd8 45. Kf5 Be7 46. e3 Bd8 47. g4 Be7
48. f4 exf4 49. exf4 gxf4 50. g5 Bf8 51. Kxf4 Bg7 52. Ke4 Ke7 53. Kf5 Kf8 54.
Kg6 Bd4 {Game drawn by mutual agreement} 1/2-1/2

[Event "Team 45 45 League T45"]
[Site "Internet Chess Club"]
[Date "2010.05.23"]
[Round "3"]
[White "Beetlejuice"]
[Black "MisticKnights"]
[Result "0-1"]
[WhiteElo "1821"]
[BlackElo "1900"]
[Opening "QGD Slav: 4.e3 Bf5"]
[ECO "D12"]
[Time "14:02:39"]
[TimeControl "2700+45"]

1. d4 d5 2. c4 c6 3. Nf3 Nf6 4. e3 Bf5 5. Nc3 e6 6. Nh4 Bg4 7. Qb3 b6 8. h3 Bh5
9. g4 Ne4 10. Nf3 Bg6 11. cxd5 exd5 12. Ne5 Qf6 13. Qc2 Ng5 14. Nxg6 Nf3+ 15.
Ke2 hxg6 16. Bg2 Nh4 17. Bxd5 cxd5 18. Bd2 Nc6 19. f4 Qe6 20. Kf2 Be7 21. Nb5
Rc8 22. Qa4 Qe4 23. Rhg1 Qf3+ 24. Ke1 Ng2+ 25. Rxg2 Bh4+ {White resigns} 0-1

[Event "Team 45 45 League T45"]
[Site "Internet Chess Club"]
[Date "2010.05.24"]
[Round "3"]
[White "chsrules88"]
[Black "eurander"]
[Result "1/2-1/2"]
[WhiteElo "2010"]
[BlackElo "2214"]
[Opening "Caro-Kann: advance variation"]
[ECO "B12"]
[Time "14:00:12"]
[TimeControl "2700+45"]

1. e4 c6 2. d4 d5 3. e5 c5 4. c3 Nc6 5. h3 cxd4 6. cxd4 Bf5 7. Nf3 e6 8. Bd3
Bb4+ 9. Nc3 Nge7 10. O-O O-O 11. Bg5 Qd7 12. Bxe7 Nxe7 13. Bxf5 Nxf5 14. Qd3
Bxc3 15. bxc3 Qe7 16. a4 {Game drawn by mutual agreement} 1/2-1/2